 Dungeon Crawl Stone Soup version 0.26-a0-54-g15ccc7ae60 (webtiles) character file.

Game seed: 12040209171695282271

11793 bmfx the Thaumaturge (level 12, -6/83 HPs)
             Began as a Formicid Fire Elementalist on June 7, 2020.
             Was an Elder of Vehumet.
             Killed from afar by a deep elf mage (34 damage)
             ... with a bolt of lightning
             ... in a bailey.
             The game lasted 00:34:00 (14962 turns).

bmfx the Thaumaturge (Formicid Fire Elementalist)  Turns: 14962, Time: 00:34:00

Health: -6/83      AC:  9    Str: 16    XL:     12   Next: 12%
Magic:  5/25       EV: 18    Int: 19    God:    Vehumet [****..]
Gold:   137        SH:  7    Dex: 17    Spells: 17/30 levels left

rFire    + + .     SeeInvis +   p - +1 dagger (venom)
rCold    + . .     Gourm    .   v - +2 buckler
rNeg     + . .     Faith    .   H - +0 robe {rC+ rF+}
rPois    .         Spirit   .   (helmet unavailable)
rElec    .         Reflect  .   x - +2 cloak
rCorr    .         Harm     .   E - +0 pair of gloves
MR       +....                  w - +2 pair of boots
Stlth    ++........             M - amulet of Noodysif {RegenMP rF+ Str+2 Slay+2}
HPRegen  0.23/turn              G - +6 ring of dexterity
MPRegen  0.44/turn              N - ring of positive energy

@: very slightly contaminated
A: permanent stasis, dig shafts and tunnels, four strong arms, antennae 3
a: Dig, Shaft Self, Renounce Religion


You were in a bailey.
You worshipped Vehumet.
Vehumet was greatly pleased with you.
You were hungry.

You visited 1 branch of the dungeon, and saw 10 of its levels.
You also visited: Bailey.

You collected 778 gold pieces.
You spent 641 gold pieces at shops.


Innate Abilities, Weirdness & Mutations

You cannot be hasted, slowed, berserked, paralysed or teleported.
You can dig through walls and to a lower floor.
Your four strong arms can wield two-handed weapons with a shield.
You have a pair of large antennae on your head. (SInv)

Dungeon Overview and Level Annotations

Branches:
Dungeon (10/15)            Temple (0/1) D:4            Lair (0/6) D:10
 Bailey (1/1)
    Orc: D:9-12

Altars:
Ashenzari
Dithmenos
Elyvilon
Fedhas
Gozag
Kikubaaqudgha
Makhleb
Vehumet
Wu Jian

Shops:
D:6 *   D:9 *

Annotations:
D:5 exclusion: oklob plant
D:9 3 runed translucent doors, Sassenached's ghost, novice TeWn; bmj180's ghost, novice DrCj


   Skills:
 - Level 4.0 Fighting
 - Level 8.0 Dodging
 - Level 2.4 Stealth
 - Level 4.0 Shields
 + Level 9.6 Spellcasting
 - Level 8.0 Conjurations
 - Level 8.0 Fire Magic
 * Level 2.7 Ice Magic
 - Level 5.0 Evocations


You had 17 spell levels left.
You knew the following spells:

 Your Spells              Type           Power        Failure   Level  Hunger
A - Foxfire               Conj/Fire      ####         1%          1    None
B - Sticky Flame          Conj/Fire      #####...     1%          4    ###....
C - Fireball              Conj/Fire      #####.....   2%          5    #####..
D - Frozen Ramparts       Ice            ###...       2%          3    None

Your spell library contained the following spells:

 Spells                   Type           Power        Failure   Level  Hunger
 Conjure Flame            Conj/Fire      #####...     1%          3    None
 Inner Flame              Hex/Fire       ###.....     1%          3    None
 Animate Skeleton         Necr           N/A          8%          1    None
 Apportation              Tloc           #.....       8%          1    None
 Corona                   Hex            #......      8%          1    None
 Pain                     Necr           #...         8%          1    None
 Summon Small Mammal      Summ           #...         8%          1    None
 Vampiric Draining        Necr           #.........   24%         3    None
 Animate Dead             Necr           N/A          61%         4    ###....
 Agony                    Necr           #.......     91%         5    #####..

Action                   |  1- 3 |  4- 6 |  7- 9 | 10-12 || total
-------------------------+-------+-------+-------+-------++-------
Melee: Short sword       |    29 |     8 |       |       ||    37
       Quarterstaff      |       |       |    29 |       ||    29
       Dagger            |       |       |    55 |   141 ||   196
Throw: Dart              |       |       |     1 |    16 ||    17
 Cast: Foxfire           |    58 |   113 |    99 |    11 ||   281
       Sticky Flame      |       |       |    42 |    77 ||   119
       Fireball          |       |       |       |    25 ||    25
 Abil: Dig               |     1 |     3 |     5 |     3 ||    12
Evoke: Wand              |       |       |     1 |    16 ||    17
  Use: Potion            |     1 |       |       |       ||     1
       Scroll            |       |     6 |     7 |     7 ||    20
 Stab: Sleeping          |     2 |     1 |       |       ||     3
  Eat: Chunk             |     4 |     9 |    16 |    20 ||    49
       Ration            |       |       |     3 |     4 ||     7
Armor: Robe              |    10 |    10 |    27 |    47 ||    94
       Skin              |    12 |       |       |       ||    12
Dodge: Dodged            |    30 |    28 |    64 |   118 ||   240
Block: Buckler           |       |       |    18 |    61 ||    79

Skill      XL: |  1  2  3  4  5  6  7  8  9 10 11 12 |
---------------+-------------------------------------+-----
Conjurations   | 1 2 3 4 5 7 8 |  8.0
Spellcasting   | 3 5 9 |  9.6
Fire Magic     | 4 5 6 7 8 |  8.0
Fighting       | 3 4 |  4.0
Shields        | 4 |  4.0
Dodging        | 3 6 8 |  8.0
Evocations     | 2 5 |  5.0
Ice Magic      | 1 2 |  2.7
Stealth        | |  2.4

Inventory:

Hand Weapons
 p - a +1 dagger of venom (weapon)
 r - a +0 quarterstaff
 B - a +3 great sword
Missiles
 u - 62 poisoned darts (quivered)
Armour
 j - a +0 plate armour
 v - a +2 buckler (worn)
 w - a +2 pair of boots (worn)
 x - a +2 cloak (worn)
 E - a +0 pair of gloves (worn)
 H - a +0 robe of resistance (worn)
Jewellery
 t - an uncursed amulet of guardian spirit
 G - a +6 ring of dexterity (left hand)
 M - the amulet of Noodysif (around neck) {RegenMP rF+ Str+2 Slay+2}
   (You bought it in a shop on level 6 of the Dungeon)

   [amulet of magic regeneration]

   It increases your magic regeneration.
   It affects your strength (+2).
   It affects your accuracy and damage with ranged weapons and melee attacks
   (+2).
   It protects you from fire.
 N - a ring of positive energy (right hand)
Wands
 e - a wand of polymorph (6)
 q - a wand of digging (3)
 y - a wand of random effects (18)
 A - a wand of disintegration (3)
 D - a wand of iceblast (6)
 L - a wand of flame (18)
Scrolls
 k - a scroll of magic mapping
 m - a scroll of remove curse {@r4}
 o - 2 scrolls of fear
 F - a scroll of enchant weapon
 I - a scroll of acquirement {unknown}
Potions
 a - a potion of cancellation
 b - a potion of ambrosia {unknown}
 d - a potion of magic {unknown}
 f - a potion of might
 g - a potion of lignification
 h - 2 potions of degeneration {unknown}
 i - 5 potions of curing {unknown}
 l - 5 potions of heal wounds {@q1}
 n - a potion of flight {unknown}
 s - 4 potions of mutation {unknown}
 z - 2 potions of berserk rage {unknown}
 C - a potion of brilliance {unknown}
 J - a potion of resistance {unknown}
Miscellaneous
 K - a phantom mirror
Comestibles
 c - 18 rations
 O - a chunk of flesh {@w1}

#{ #####'
##....#{
#....)#
#..∩e.#{
#.....#
#...#
#.)##'####
#..
##@..## #.
#.....# {
# #..∩..#
##...##
#####


You could see a deep elf mage.

Vanquished Creatures
  2 two-headed ogres
  A centaur warrior (D:9)
  2 deep elf magi (Bailey)
  A cyclops (D:8)
  An ugly thing (D:9)
  Maggie (D:6)
  A tengu conjurer (D:9)
  4 trolls
  4 slime creatures (D:8)
  2 hippogriffs
  A spriggan (D:7)
  A yak (D:9)
  Eustachio (D:6)
  A hungry ghost (D:7)
  Grum (D:8)
  Menkaure (D:7)
  2 water moccasins
  A black bear (D:8)
  3 ice beasts
  2 sky beasts (D:7)
  An eye of draining (D:8)
  2 necrophages (D:8)
  10 ogres
  3 wolves (D:8)
  A crocodile (D:6)
  4 centaurs
  A big kobold (D:9)
  A bullfrog (shapeshifter) (D:9)
  6 bullfrogs
  3 scorpions
  A wyvern skeleton (D:8)
  5 wights (D:8)
  A howler monkey (D:5)
  2 jellies
  A bullfrog zombie (D:5)
  3 crimson imps
  A centaur zombie (D:5)
  5 orc priests (D:9)
  6 hounds
  Crazy Yiuf (D:4)
  7 orc wizards
  A centaur skeleton (D:4)
  Ijyb (D:5)
  Natasha (thrice) (D:2)
  5 iguanas
  10 worker ants
  13 adders
  2 shadow imps
  2 oozes
  An adder zombie (D:9)
  2 adder skeletons
  A worm (D:4)
  4 dart slugs
  4 leopard geckos
  30 orcs
  A ball python (D:4)
  6 bats
  2 giant cockroaches
  4 goblins (D:1)
  13 hobgoblins
  20 jackals
  7 kobolds
  4 quokkas
  A ball python skeleton (D:4)
  A jackal skeleton (D:8)
  A quokka skeleton (D:7)
  8 rats
245 creatures vanquished.

Vanquished Creatures (others)
  An orc (D:6)
  423 foxfires
  A withered plant (D:9)
425 creatures vanquished.

Grand Total: 670 creatures vanquished

Levels and vault maps discovered:
D:1:      evilmike_arrival_grusome_pit, layout_basic, serial_bayou_lagoon_b
D:2:      layout_loops_ring, chequers_ecumenical_altar_simple,
          hangedman_decor_peaks_small, uniq_natasha
D:3:      layout_loops_corners, gammafunk_temple_overflow_forgotten,
          grunt_temple_overflow_open, first_ration,
          chequers_serial_rivers_small_b
D:4:      layout_basic, minmay_temple_entry_glass, uniq_crazy_yiuf_cottage
D:5:      layout_basic, elyvilon_altar_5, tgw_fedhas, uniq_ijyb
D:6:      layout_loops_cross, serial_shops, nicolae_shop_behind_doors,
          uniq_eustachio, uniq_maggie
D:7:      layout_basic, kennysheep_mini_moat, the_bakery, minmay_joined_circles,
          uniq_menkaure
D:8:      layout_loops_ring, minmay_shattered_shrine, uniq_grum
D:9:      hangedman_cross_veins, layout_basic, serial_shops, shop,
          gammafunk_ghost_cemetery
D:10:     layout_irregular_city, dpeg_oklobed_lair, enter_bailey_8, basic_altar,
          grunt_ministairs_2, serial_bayou_ford_a, kennysheep_flooded_box
Bailey:   bailey_polearm_3, bailey


Message History

The deep elf mage is heavily wounded.
You are feeling hungry.
Casting: Fireball (dangerous; 2% risk of failure)
Confirm with . or Enter, or press ? or * to list all spells.
Aiming: Fireball (dangerous; 2% risk of failure)
Press: ? - help, Shift-Dir - straight line, f/p - deep elf mage
Aim: a deep elf mage, wielding a +0 long sword of freezing (heavily wounded)
You miscast Fireball.
You are very lightly contaminated with residual magic.
Nothing appears to happen.
Evoke which item? (* to show all) (? for menu, Esc to quit)
Aiming: Disintegrate
Press: ? - help, Shift-Dir - straight line, f/p - deep elf mage
Aim: a deep elf mage, wielding a +0 long sword of freezing (moderately wounded, chance to defeat MR: 69%)
The deep elf mage struggles to resist.
The deep elf mage gestures at you while chanting.
The bolt of lightning hits you!! x2
The deep elf mage casts a spell at you. The bolt of lightning hits you!!
You die...

Notes
Turn   | Place    | Note
-------+----------+-------------------------------------------
     0 | D:1      | bmfx the Formicid Fire Elementalist began the quest for the
                  | Orb.
     0 | D:1      | Reached XP level 1. HP: 13/13 MP: 3/3
     7 | D:1      | Reached skill level 1 in Conjurations
   164 | D:1      | Reached XP level 2. HP: 19/19 MP: 1/5
   946 | D:1      | Reached XP level 3. HP: 14/24 MP: 0/6
  1889 | D:2      | Reached XP level 4. HP: 30/30 MP: 3/8
  1895 | D:2      | Learned a level 4 spell: Sticky Flame
  2611 | D:2      | Found a faded altar of an unknown god.
  2612 | D:2      | Noticed Natasha
  2723 | D:3      | Found a shattered altar of Ashenzari.
  2723 | D:3      | Found a shadowy altar of Dithmenos.
  2724 | D:3      | Found a burning altar of Makhleb.
  2925 | D:3      | Reached skill level 3 in Spellcasting
  3259 | D:3      | Reached XP level 5. HP: 35/35 MP: 6/9
  3709 | D:3      | Found an ornate altar of the Wu Jian Council.
  3709 | D:3      | Found an opulent altar of Gozag.
  3710 | D:3      | Found a radiant altar of Vehumet.
  3729 | D:3      | Became a worshipper of Vehumet
  4360 | D:3      | Learned a level 5 spell: Fireball
  4365 | D:4      | Reached XP level 6. HP: 41/41 MP: 5/10
  4462 | D:4      | Noticed an ogre
  4499 | D:4      | Killed an ogre
  4633 | D:4      | Reached XP level 7. HP: 40/46 MP: 0/11
  4882 | D:4      | Found a staircase to the Ecumenical Temple.
  4925 | D:4      | Reached skill level 5 in Conjurations
  5009 | D:4      | Reached skill level 5 in Fire Magic
  5602 | D:4      | Found a runed translucent door.
  5603 | D:4      | Noticed Crazy Yiuf
  5633 | D:5      | Entered Level 5 of the Dungeon
  5633 | D:5      | Found a white marble altar of Elyvilon.
  5831 | D:5      | Reached XP level 8. HP: 52/52 MP: 6/12
  5973 | D:6      | Noticed Maggie
  6023 | D:6      | Noticed Eustachio
  6454 | D:7      | Reached skill level 1 in Fighting
  6536 | D:7      | Reached * piety under Vehumet
  6536 | D:7      | Offered knowledge of Shock by Vehumet.
  6632 | D:7      | Found an ancient bone altar of Kikubaaqudgha.
  6985 | D:7      | Noticed Menkaure
  6992 | D:7      | Killed Menkaure
  7034 | D:7      | Noticed a spriggan baker
  7041 | D:7      | Killed a spriggan baker
  7041 | D:7      | Reached XP level 9. HP: 49/63 MP: 4/13
  7519 | D:2      | Killed Natasha
  7863 | D:2      | Noticed Natasha
  7873 | D:2      | Killed Natasha
  7962 | D:2      | Noticed Natasha
  7969 | D:2      | Killed Natasha
  8075 | D:4      | Killed Crazy Yiuf
  8556 | D:5      | Noticed Ijyb
  8566 | D:5      | Killed Ijyb
  8566 | D:5      | Reached skill level 1 in Shields
  8643 | D:5      | Found a blossoming altar of Fedhas.
  8658 | D:5      | Noticed an oklob plant
  9425 | D:6      | Found Niluss's General Store.
  9439 | D:6      | Reached ** piety under Vehumet
  9439 | D:6      | Offered knowledge of Searing Ray by Vehumet.
  9530 | D:6      | Killed Eustachio
  9747 | D:6      | Killed Maggie
  9851 | D:6      | Reached skill level 1 in Evocations
  9891 | D:6      | Reached XP level 10. HP: 68/71 MP: 5/14
 10538 | D:8      | Noticed Grum
 10562 | D:8      | Killed Grum
 10562 | D:8      | Reached skill level 5 in Evocations
 10809 | D:8      | Reached skill level 5 in Dodging
 11097 | D:8      | Offered knowledge of Static Discharge by Vehumet.
 11209 | D:8      | Noticed a two-headed ogre
 11404 | D:8      | Reached *** piety under Vehumet
 11772 | D:8      | Reached skill level 4 in Spellcasting
 12047 | D:8      | Killed a two-headed ogre
 12047 | D:8      | Reached skill level 5 in Spellcasting
 12047 | D:8      | Reached XP level 11. HP: 77/77 MP: 16/18
 12333 | D:8      | Reached skill level 6 in Spellcasting
 12567 | D:8      | Noticed a cyclops
 12628 | D:8      | Killed a cyclops
 12875 | D:9      | Offered knowledge of Olgreb's Toxic Radiance by Vehumet.
 13198 | D:9      | Found Nothrel's Assorted Antiques.
 13206 | D:9      | Bought a black potion for 19 gold pieces
 13436 | D:9      | Reached skill level 7 in Spellcasting
 13579 | D:9      | Noticed a centaur warrior
 13587 | D:9      | Noticed a seven-headed hydra
 13591 | D:9      | Killed a centaur warrior
 13716 | D:9      | Reached **** piety under Vehumet
 13757 | D:9      | Noticed a two-headed ogre
 13759 | D:9      | Killed a two-headed ogre
 13759 | D:9      | Reached skill level 8 in Spellcasting
 13897 | D:6      | Bought the amulet of Noodysif {RegenMP rF+ Str+2 Slay+2}
                  | for 622 gold pieces
 14086 | D:9      | Reached skill level 9 in Spellcasting
 14182 | D:9      | Noticed a purple ugly thing
 14206 | D:9      | Killed a purple ugly thing
 14349 | D:9      | Found a runed translucent gate.
 14349 | D:9      | Found a runed translucent gate.
 14357 | D:9      | Noticed bmj180's ghost (novice DrCj)
 14357 | D:9      | Noticed Sassenached's ghost (novice TeWn)
 14358 | D:9      | Found a runed translucent gate.
 14810 | D:10     | Entered Level 10 of the Dungeon
 14830 | D:10     | Offered knowledge of Frozen Ramparts by Vehumet.
 14837 | D:10     | Learned a level 3 spell: Frozen Ramparts
 14846 | D:10     | Reached skill level 1 in Ice Magic
 14846 | D:10     | Reached XP level 12. HP: 65/83 MP: 23/25
 14885 | D:10     | Found a flagged portal.
 14895 | Bailey   | Entered a bailey
 14962 | Bailey   | Killed from afar by a deep elf mage
